 Dungeon Crawl Stone Soup version 0.22-a0-855-g415d086bb8 (console) character file.

14 Lexodia the Ruffian (level 2, 0/26 HPs)
             Began as a Ghoul Monk on July 27, 2018.
             Slain by a frilled lizard (3 damage)
             ... on level 1 of the Dungeon.
             The game lasted 00:02:07 (356 turns).

Lexodia the Ruffian (Ghoul Monk)                     Turns: 356, Time: 00:02:08

Health: 0/26       AC:  2    Str: 14    XL:     2   Next: 45%
Magic:  1/1        EV: 13    Int:  5    God:
Gold:   14         SH:  0    Dex: 11    Spells: 1/1 levels left

rFire    . . .     SeeInvis .     - Unarmed
rCold    + . .     Gourm    .   (no shield)
rNeg     + + +     Faith    .   a - +0 robe
rPois    ∞         Spirit   .   (no helmet)
rElec    .         Reflect  .   (no cloak)
rCorr    .         Harm     .   (no gloves)
MR       .....                  (no boots)
Stlth    ++........             (no amulet)
HPRegen  0.00/turn              (no ring)
MPRegen  0.07/turn              (no ring)

@: rotting
A: rotting body, claws 1, carnivore, cold resistance 1, negative energy
resistance 3, inhibited regeneration, torment resistance, unbreathing
a: no special abilities


You were on level 1 of the Dungeon.
You were not hungry.

You visited 1 branch of the dungeon, and saw 1 of its levels.

You collected 14 gold pieces.

Inventory:

Armour
 a - a +0 robe (worn)
Jewellery
 g - a cursed amulet of inaccuracy {unknown}
Scrolls
 e - a scroll of identify {unknown}
 f - 2 scrolls of enchant weapon {unknown}
Potions
 c - 2 potions of degeneration {unknown}
Comestibles
 b - a ration
 d - 4 chunks of flesh


   Skills:
 + Level 3.4 Fighting
 + Level 2.8 Dodging
 + Level 2.5 Stealth
 * Level 3.6 Unarmed Combat


You had one spell level left.
You didn't know any spells.
Your spell library was empty.

Dungeon Overview and Level Annotations

Branches:
Dungeon (1/15)

Altars:


Innate Abilities, Weirdness & Mutations

Your body is rotting away.
You thrive on raw meat.
You are immune to poison.
You have sharp fingernails.
You are carnivorous and can eat meat at any time.
Your flesh is cold resistant. (rC+)
You are immune to negative energy. (rN+++)
You do not regenerate when monsters are visible.
You are immune to unholy pain and torment.
You can survive without breathing.


Message History

* * * LOW HITPOINT WARNING * * *
Huge Dmg: -11%(-3hp) hp: 24%(6hp)
You closely miss the goblin.
The goblin is moderately wounded.
The goblin hits you but does no damage. The frilled lizard barely misses you.
You scratch the goblin.
The goblin is almost dead.
The goblin closely misses you. The frilled lizard bites you.
* * * LOW HITPOINT WARNING * * *
Huge Dmg: -8%(-2hp) hp: 16%(4hp) Unknown command.
You barely miss the goblin.
The goblin is almost dead.
The goblin misses you. The frilled lizard bites you.
* * * LOW HITPOINT WARNING * * *
Huge Dmg: -4%(-1hp) hp: 12%(3hp)
You scratch the goblin but do no damage.
The goblin is almost dead.
The goblin barely misses you. The frilled lizard bites you.
You die...

####.. ########## #.....
###........# #.....
###..........## #.....
.#............... #.....
...............#.###.....
........)................
...#...g##########.......
....#+#l@.....#..+......#
..# #.#.........##...#'##
. #..%...............##
###.######.....######
.................>..
.#####.#.#.#+##...... ..
#.### #...... . # #......
#######


You could see a goblin and a frilled lizard.

Vanquished Creatures
  A dart slug (D:1)
  2 giant cockroaches (D:1)
  2 goblins (D:1)
  2 hobgoblins (D:1)
  A kobold (D:1)
  A frilled lizard (D:1)
  2 rats (D:1)
11 creatures vanquished.

Notes
Turn   | Place    | Note
-------+----------+-------------------------------------------
     0 | D:1      | Lexodia the Ghoul Monk began the quest for the Orb.
     0 | D:1      | Reached XP level 1. HP: 19/19 MP: 0/0
    49 | D:1      | Huge Dmg: 4 dmg
    69 | D:1      | Reached XP level 2. HP: 19/26 MP: 1/1
    80 | D:1      | Huge Dmg: 5 dmg
    82 | D:1      | Huge Dmg: 6 dmg
   347 | D:1      | Huge Dmg: 4 dmg
   353 | D:1      | Huge Dmg: 3 dmg
   355 | D:1      | Huge Dmg: 2 dmg
   356 | D:1      | Huge Dmg: 1 dmg
   356 | D:1      | Slain by a frilled lizard

Vault maps used:
D:1:      erik_arrival_cave_to_civilisation, lexackson_kobold_supper

Action                   || total
-------------------------++-------
Melee: Unarmed           ||    38
 Stab: Sleeping          ||     2
  Eat: Chunk             ||     1
Armor: Robe              ||    10
Dodge: Dodged            ||    23

Table legend:
 A = Spawn XP
 B = Non-spawn XP
 C = Spawn XP percentage of total XP
 D = Spawn monster count
 E = Non-spawn monster count
 F = Spawn count percentage of total count
 G = Total turns spent on level
                    A         B        C        D         E        F      G
               +---------+---------+-------+---------+---------+-------+---------
         Total |       0 |      21 |   0.0 |       0 |      11 |   0.0 |   356
               +---------+---------+-------+---------+---------+-------+---------
           D:1 |       0 |      21 |   0.0 |       0 |      11 |   0.0 |   356
               +---------+---------+-------+---------+---------+-------+---------
